[Event "Titled Tuesday Blitz October 31 Early 2023"]
[White "Theodorou, Nikolas"]
[Black "Arias, Juan Cruz"]
[WhiteFideId "4262875"]
[BlackFideId "118540"]
[WhiteElo "3005"]
[BlackElo "2632"]
[Result "1/2-1/2"]
[Round "2"]
[TimeControl "180+1"]
[Date "2023.10.31"]
[WhiteClock "0:01:17"]
[BlackClock "0:00:36"]
[Board "12"]

1. a3 d5 2. e3 e5 3. d4 exd4 4. exd4 Nf6 5. Nf3 c5 6. Bb5+ Nc6 7. O-O Be7 8. dxc5 Bxc5 9. Re1+ Be6 10. Nd4 O-O 11. Be3 Nxd4 12. Bxd4 Qb6 13. Bxc5 Qxc5 14. Bd3 Ne4 15. Bxe4 dxe4 16. Rxe4 Bf5 17. Re1 Qxc2 18. Qxc2 Bxc2 19. Nc3 Rfe8 20. f3 Bb3 21. Kf2 Kf8 22. h4 Rxe1 23. Rxe1 Rd8 24. Ne4 b6 25. Re3 Be6 26. Ke1 h6 27. Nc3 Bc4 28. Re4 Re8 29. Kd2 Rxe4 30. Nxe4 Ke7 31. Ke3 Ke6 32. Kd4 Bf1 33. g3 Bg2 34. Nd2 Bh3 35. Nc4 Bf5 36. Ne3 Bb1 37. b4 Ba2 38. Ng2 g5 39. hxg5 hxg5 40. Ne3 f6 41. Nd1 Bd5 42. f4 gxf4 43. gxf4 Bc6 44. Ne3 Ba4 45. f5+ Kd6 46. Ke4 Bb3 47. Ng4 Ke7 48. Ne3 Kd6 49. Kd4 Ba2 50. Ng4 Bb1 51. Nh6 Bc2 52. Ng8 Bxf5 53. Nxf6 Bc8 54. Ne4+ Kc6 55. Nc3 Be6 56. Ke5 Bc4 57. Ke4 a5 58. Kd4 axb4 59. axb4 Bf1 60. Ne4 Be2 61. Kc3 Bf1 62. Ng3 Bg2 63. Nf5 Bh1 64. Ng3 Bf3 65. Nf1 Kd5 66. Nd2 Bg4 67. Nb3 Kc6 68. Nd4+ Kd5 69. Nc2 Bh3 70. Ne3+ Kc6 71. Nc4 Kb5 72. Nd6+ Kc6 73. Ne4 Bg4 74. Nf6 Bc8 75. Nh5 Bb7 76. Nf4 Kb5 77. Ne6 Kc6 78. Nd8+ Kc7 79. Nf7 Kc6 80. Kc4 Kc7 81. Ne5 Ba6+ 82. Kd4 Bf1 83. Ng4 Kd6 84. Ne3 Bh3 85. Nc4+ Kc7 86. Ne5 Be6 87. Ng6 Kd6 88. Nf4 Bf7 89. Ne2 Kc7 90. Nc3 Kc6 91. Ne4 Bg6 92. Nf6 Bf7 93. Kc3 Be6 94. Nh5 Kd6 95. Nf4 Bf7 96. Ne2 Kc6 97. Nd4+ Kd5 98. Nf5 Be8 99. Ne3+ Kc6 100. Nc4 Bh5 101. Na3 Kd5 102. Nb5 Be2 103. Nd4 Bg4 104. Nc2 Bd7 105. Ne3+ Kc6 106. Kc4 Be6+ 107. Kd4 Bf7 108. Nf5 Kb5 109. Kc3 1/2-1/2


[Site "https://www.chess.com"]

[Event "Titled Tuesday Blitz October 31 Early 2023"]
[White "Chinguun, Sumiya"]
[Black "Elsa167"]
[WhiteFideId "4902572"]
[WhiteElo "2628"]
[BlackElo "3001"]
[Result "1-0"]
[Round "2"]
[TimeControl "180+1"]
[Date "2023.10.31"]
[WhiteClock "0:00:58"]
[BlackClock "0:00:01"]
[Board "13"]

1. e4 e6 2. d4 d5 3. Nc3 Bb4 4. e5 c5 5. a3 Bxc3+ 6. bxc3 Ne7 7. Bd3 Qa5 8. Bd2 c4 9. Be2 Qa4 10. f4 Nbc6 11. Nf3 Bd7 12. O-O f5 13. Ra2 O-O-O 14. Qe1 h6 15. h4 Rdg8 16. Qf2 Be8 17. Qg3 Bh5 18. Kf2 Qa5 19. Ng1 Bxe2 20. Kxe2 Nd8 21. Nf3 Nf7 22. a4 g5 23. hxg5 hxg5 24. fxg5 Ng6 25. Raa1 Qd8 26. a5 a6 27. Rfb1 Ne7 28. Rh1 Nc6 29. g6 Rxh1 30. Rxh1 Ne7 31. g7 f4 32. Qxf4 Nf5 33. g4 Rxg7 34. gxf5 Rg2+ 35. Kd1 Qxa5 36. fxe6 Qa1+ 37. Bc1 Qxc3 38. Ne1 Nxe5 39. Rh8+ Kc7 40. Qxe5+ Kb6 41. Nxg2 Qf3+ 42. Qe2 Qf6 43. Rh4 c3 44. e7 1-0


[Site "https://www.chess.com"]

[Event "Titled Tuesday Blitz October 31 Early 2023"]
[White "Oparin, Grigoriy"]
[Black "Bayramov, Zaur"]
[WhiteFideId "24125890"]
[BlackFideId "13405080"]
[WhiteElo "2993"]
[BlackElo "2627"]
[Result "1/2-1/2"]
[Round "2"]
[TimeControl "180+1"]
[Date "2023.10.31"]
[WhiteClock "0:00:49"]
[BlackClock "0:00:30"]
[Board "14"]

1. Nf3 Nf6 2. g3 d5 3. Bg2 Bf5 4. c4 c6 5. Qb3 Qb6 6. d3 e6 7. Be3 Qxb3 8. axb3 a6 9. Bd4 Nbd7 10. O-O h6 11. Bc3 Be7 12. Nbd2 O-O 13. b4 Bg6 14. Nb3 dxc4 15. dxc4 Ne4 16. Rfd1 Rfd8 17. Na5 Nxc3 18. bxc3 Rab8 19. Nd4 Ne5 20. c5 Rd7 21. h3 Bd8 22. Ndb3 Rxd1+ 23. Rxd1 Bc2 24. Rd2 Bxb3 25. Nxb3 Nc4 26. Rd4 Na3 27. Rd3 Kf8 28. f4 Ke8 29. e4 Bc7 30. Kf2 e5 31. f5 Rd8 32. Bf1 Rxd3 33. Bxd3 Nb5 34. Bxb5 axb5 35. Kf3 Ke7 36. Kg4 g6 37. Kf3 Kf6 38. g4 Ke7 39. Kg3 Kd7 40. h4 Bd8 41. Nc1 g5 42. h5 f6 43. Kf3 b6 44. Nb3 Bc7 45. Ke2 Bd8 46. Kd3 Bc7 47. c4 bxc4+ 48. Kxc4 b5+ 49. Kc3 Kc8 50. Nc1 Kb7 51. Nd3 Ka6 52. Kb3 Kb7 53. Ne1 Ka6 54. Nf3 Kb7 55. Ng1 Ka6 56. Nh3 Kb7 57. Nf2 Ka6 58. Nd3 Kb7 59. Kc3 Ka6 60. Nc1 Kb7 61. Nb3 Ka6 62. Na1 Kb7 63. Nc2 Ka6 64. Ne3 Kb7 65. Kd3 Ka6 66. Kc3 Kb7 67. Kc2 Ka6 68. Kc3 1/2-1/2


[Site "https://www.chess.com"]

[Event "Titled Tuesday Blitz October 31 Early 2023"]
[White "Jain Kashish Manoj"]
[Black "Le, Tuan Minh"]
[WhiteFideId "35081098"]
[BlackFideId "12401153"]
[WhiteElo "2626"]
[BlackElo "2980"]
[Result "0-1"]
[Round "2"]
[TimeControl "180+1"]
[Date "2023.10.31"]
[WhiteClock "0:00:14"]
[BlackClock "0:00:38"]
[Board "15"]

1. e4 e5 2. Nf3 Nc6 3. Bb5 a6 4. Bxc6 dxc6 5. O-O Qf6 6. d4 exd4 7. Bg5 Qd6 8. Nxd4 Be7 9. Be3 Bd7 10. Nc3 O-O-O 11. Qe2 Qg6 12. Rad1 Nf6 13. f3 Bd6 14. Qf2 Rhe8 15. Nde2 Qh5 16. Bf4 Bc5 17. Be3 Bf8 18. Rd2 b6 19. Rfd1 c5 20. Nf4 Qe5 21. Nfd5 Nxd5 22. Nxd5 g5 23. Qg3 h6 24. Qxe5 Rxe5 25. Nf6 Bd6 26. Nxd7 Rxd7 27. Bf2 f5 28. exf5 Rxf5 29. Bg3 Rf6 30. Bxd6 cxd6 31. c4 Kc7 32. b3 Kc6 33. Kf2 b5 34. Kg3 Rf4 35. Rc1 h5 36. Kf2 h4 37. g3 hxg3+ 38. hxg3 Rf5 39. Rc3 Rh7 40. Kg2 Rf6 41. Rcd3 Rfh6 42. Kf2 Rh2+ 43. Ke3 Re7# 0-1


[Site "https://www.chess.com"]

[Event "Titled Tuesday Blitz October 31 Early 2023"]
[White "Kashefi, Amir Hosein"]
[Black "Shimanov, Aleksandr"]
[WhiteFideId "12557935"]
[BlackFideId "4198603"]
[WhiteElo "2624"]
[BlackElo "2972"]
[Result "0-1"]
[Round "2"]
[TimeControl "180+1"]
[Date "2023.10.31"]
[WhiteClock "0:00:00"]
[BlackClock "0:00:43"]
[Board "16"]

1. d4 d5 2. c4 e6 3. Nc3 Nf6 4. cxd5 exd5 5. Bg5 c6 6. Qc2 Bd6 7. e3 O-O 8. Bd3 h6 9. Bh4 Be6 10. Nge2 Nbd7 11. Bg3 Qb8 12. O-O Re8 13. a3 a5 14. b4 b5 15. Nf4 Nb6 16. Nxe6 Rxe6 17. Bf5 Re8 18. e4 Bxg3 19. hxg3 Qb7 20. Rfe1 Nc4 21. exd5 Rxe1+ 22. Rxe1 cxd5 23. Nb1 a4 24. Qe2 g6 25. Bd3 Qb6 26. Bxc4 dxc4 27. Qd2 Rd8 28. Qxh6 Qxd4 29. Qg5 Rd5 30. Qc1 Ne4 31. Re3 Qd1+ 32. Re1 Qxc1 33. Rxc1 Rd3 34. f3 Nxg3 35. Kf2 Nf5 36. Nc3 Nd4 37. g4 Kg7 38. f4 Rf3+ 39. Kg2 Rxf4 40. Kg3 Rf3+ 0-1


[Site "https://www.chess.com"]

[Event "Titled Tuesday Blitz October 31 Early 2023"]
[White "Principe, Gerson"]
[Black "Daneshvar, Bardiya"]
[WhiteFideId "3804550"]
[BlackFideId "12576468"]
[WhiteElo "2618"]
[BlackElo "2957"]
[Result "1-0"]
[Round "2"]
[TimeControl "180+1"]
[Date "2023.10.31"]
[WhiteClock "0:00:20"]
[BlackClock "0:01:13"]
[Board "17"]

1. d4 Nf6 2. Nf3 d6 3. e3 g6 4. Be2 Bg7 5. O-O O-O 6. b3 Nbd7 7. Bb2 b6 8. c4 Bb7 9. Nc3 e6 10. Rc1 c5 11. a3 cxd4 12. Nxd4 a6 13. Bf3 Qc7 14. Bxb7 Qxb7 15. Qf3 Qc7 16. Rfd1 Ne5 17. Qe2 Rfc8 18. Nb1 Qb7 19. Nd2 Ne4 20. Nxe4 Qxe4 21. f3 Qb7 22. Rd2 Rab8 23. Rdc2 Nd7 24. b4 Rc7 25. Qd2 Ne5 26. Qe2 Rbc8 27. Kf2 g5 28. h3 Ng6 29. Kg1 Be5 30. Nb3 b5 31. Na5 Qa8 32. Bxe5 Nxe5 33. cxb5 Rxc2 34. Rxc2 axb5 35. Kh2 Rxc2 36. Qxc2 Qa7 37. Qc3 Qb6 38. f4 gxf4 39. exf4 Ng6 40. f5 exf5 41. Qc8+ Kg7 42. Qxf5 h6 43. Qf3 Ne5 44. Qg3+ Kh7 45. Nb3 Qc6 46. Nd4 Qd7 47. Qf4 Kg6 48. Qe4+ f5 49. Qd5 f4 50. Nxb5 Nf7 51. Nd4 Qa7 52. Qe6+ Kg7 53. Nf5+ Kf8 54. Qc8+ 1-0


[Site "https://www.chess.com"]

[Event "Titled Tuesday Blitz October 31 Early 2023"]
[White "Xu, Xiangyu"]
[Black "Ergali_Suleimen"]
[WhiteFideId "8608288"]
[WhiteElo "2929"]
[BlackElo "2617"]
[Result "1-0"]
[Round "2"]
[TimeControl "180+1"]
[Date "2023.10.31"]
[WhiteClock "0:00:07"]
[BlackClock "0:00:00"]
[Board "18"]

1. d4 Nf6 2. c4 g6 3. Nc3 Bg7 4. e4 d6 5. Be2 O-O 6. Be3 e5 7. d5 Nbd7 8. f3 Ne8 9. Nh3 f5 10. Qc2 Qe7 11. O-O-O f4 12. Bg1 a6 13. Kb1 Nc5 14. Nf2 Nf6 15. Nd3 Nxd3 16. Bxd3 Nd7 17. Be2 b6 18. Bf2 Nc5 19. g3 Bd7 20. b4 Nb7 21. a3 a5 22. Kb2 Bf6 23. Rhf1 Kh8 24. Nb5 Be8 25. Ra1 Nd8 26. g4 Nf7 27. bxa5 Rxa5 28. a4 Bxb5 29. cxb5 Ra7 30. Be1 Bh4 31. Bb4 Nd8 32. a5 bxa5 33. Rxa5 Rxa5 34. Bxa5 Rf7 35. Rc1 Nb7 36. Qxc7 Nxa5 37. Qxa5 Bf2 38. Rc6 Bd4+ 39. Kb3 Qh4 40. b6 Qf2 41. Qa6 Qe3+ 42. Qd3 Bxb6 43. Qxe3 Bxe3 44. Rxd6 Rb7+ 45. Kc2 Bd4 46. Ba6 Rb2+ 47. Kd3 Rf2 48. Rd8+ Kg7 49. d6 Rxf3+ 50. Kc4 Ra3 51. d7 Bb6 52. Rb8 Rxa6 53. Rxb6 Ra4+ 54. Kc5 Ra8 55. Kd6 Kf7 56. Rc6 f3 57. Rc8 Ra6+ 58. Kxe5 Re6+ 59. Kd5 1-0


[Site "https://www.chess.com"]

[Event "Titled Tuesday Blitz October 31 Early 2023"]
[White "Chigaev, Maksim"]
[Black "Ahmad, Khagan"]
[WhiteFideId "4108116"]
[BlackFideId "13431552"]
[WhiteElo "2915"]
[BlackElo "2613"]
[Result "1-0"]
[Round "2"]
[TimeControl "180+1"]
[Date "2023.10.31"]
[WhiteClock "0:00:16"]
[BlackClock "0:00:00"]
[Board "19"]

1. e4 c5 2. Ne2 Nc6 3. Nbc3 e6 4. d4 cxd4 5. Nxd4 Nf6 6. a3 a6 7. Nxc6 bxc6 8. e5 Nd5 9. Ne4 f5 10. exf6 Nxf6 11. Nd6+ Bxd6 12. Qxd6 Qe7 13. Bf4 Qxd6 14. Bxd6 Ne4 15. Be5 O-O 16. f3 d6 17. Bxg7 Kxg7 18. fxe4 Rb8 19. O-O-O d5 20. Bd3 Rf2 21. g3 e5 22. Rdf1 Rxf1+ 23. Rxf1 a5 24. b3 Be6 25. h4 d4 26. Kd2 c5 27. Bc4 Bxc4 28. bxc4 Rb7 29. Rf5 Re7 30. g4 a4 31. h5 h6 32. Kd3 Re6 33. c3 Rb6 34. Rxe5 Rb3 35. Rxc5 dxc3 36. Rb5 Rxa3 37. c5 Ra1 38. Kxc3 a3 39. Ra5 Rc1+ 40. Kd4 1-0


[Site "https://www.chess.com"]

[Event "Titled Tuesday Blitz October 31 Early 2023"]
[White "JuniorJumper"]
[Black "Galchenko, Matvey"]
[BlackFideId "24175480"]
[WhiteElo "2610"]
[BlackElo "2913"]
[Result "1/2-1/2"]
[Round "2"]
[TimeControl "180+1"]
[Date "2023.10.31"]
[WhiteClock "0:00:08"]
[BlackClock "0:00:07"]
[Board "20"]

1. d4 Nf6 2. c4 c5 3. d5 e6 4. Nc3 exd5 5. cxd5 d6 6. e4 g6 7. f4 Bg7 8. Bb5+ Nfd7 9. a4 O-O 10. Nf3 Na6 11. O-O Nb4 12. Re1 a6 13. Bf1 Re8 14. Be3 Nf6 15. Bf2 Bg4 16. Bh4 Qc7 17. Rc1 Nh5 18. h3 Bxf3 19. Qxf3 Rab8 20. g4 Bd4+ 21. Bf2 Ng7 22. Nb5 Bxf2+ 23. Qxf2 axb5 24. Bxb5 Re7 25. e5 Nxd5 26. Qd2 Nb4 27. exd6 Rxe1+ 28. Rxe1 Qb6 29. d7 Nc6 30. Qd6 c4+ 31. Kg2 Rd8 32. Re7 Qa5 33. Rxf7 Qb4 34. Qxb4 Nxb4 35. Re7 Kh8 36. f5 gxf5 37. gxf5 Nd5 38. Re8+ Nxe8 39. dxe8=Q+ Rxe8 40. Bxe8 Ne3+ 41. Kf3 Nxf5 42. Kf4 Nd6 43. Bd7 Kg7 44. Ke5 Nf7+ 45. Kd4 Kf6 46. Bg4 Ne5 47. Be2 h6 48. Bxc4 Ng6 49. Be2 Nf4 50. Bg4 b6 51. Kc4 Ke5 52. Kb5 Nd5 53. b4 Kd6 54. Bf3 Nc3+ 55. Kxb6 Nxa4+ 56. Ka6 Kc7 57. b5 Nc5+ 58. Ka5 Ne6 59. b6+ Kb8 60. Bg4 Nd4 61. Kb4 Kb7 62. Kc5 Nb3+ 63. Kb4 Nd4 64. Kc5 Nb3+ 65. Kc4 Nd2+ 66. Kd3 Nb3 67. Kc4 Nd2+ 68. Kb5 Kb8 69. Kc6 Nc4 70. Kc5 Ne5 71. Kd4 Nf7 72. Kd5 Kb7 73. Ke6 Ng5+ 74. Kd6 Nxh3 75. Bxh3 Kxb6 76. Ke5 h5 77. Kf4 h4 78. Kg4 Kc5 79. Kxh4 1/2-1/2


[Site "https://www.chess.com"]

[Event "Titled Tuesday Blitz October 31 Early 2023"]
[White "Ilamparthi A R"]
[Black "ArtemDyachuk"]
[WhiteFideId "45015775"]
[WhiteElo "2913"]
[BlackElo "2609"]
[Result "1-0"]
[Round "2"]
[TimeControl "180+1"]
[Date "2023.10.31"]
[WhiteClock "0:00:56"]
[BlackClock "0:00:08"]
[Board "21"]

1. e4 c5 2. Nf3 d6 3. g3 Nf6 4. d3 g6 5. Bg2 Bg7 6. O-O Nc6 7. Re1 O-O 8. c3 e5 9. a3 a5 10. a4 h6 11. Na3 d5 12. exd5 Nxd5 13. Nc4 Re8 14. Qb3 Qc7 15. Bd2 Bf5 16. Nfxe5 Nxe5 17. Nxe5 Rxe5 18. Rxe5 Qxe5 19. Re1 Qf6 20. Qxd5 Rd8 21. Qxc5 Rxd3 22. Be3 Qd8 23. h4 Rd1 24. Rxd1 Qxd1+ 25. Kh2 Qxa4 26. Bxb7 Qb3 27. Qb6 Qd1 28. Qxa5 Qb1 29. Qa8+ Kh7 30. Bd5 Be6 31. Bxe6 fxe6 32. Qb7 e5 33. c4 Qd3 34. c5 e4 35. c6 Qd5 36. Qd7 Qc4 37. c7 Qxc7 38. Qxc7 Kg8 39. b4 g5 40. b5 Be5 41. Qxe5 gxh4 42. gxh4 Kf7 43. b6 h5 44. b7 Kg6 45. Qd6+ Kh7 46. Qh6+ Kg8 47. b8=Q+ Kf7 48. Qbf8# 1-0


[Site "https://www.chess.com"]

[Event "Titled Tuesday Blitz October 31 Early 2023"]
[White "Dixit, Nikhil"]
[Black "Pranav Anand"]
[WhiteFideId "5059534"]
[BlackFideId "46626786"]
[WhiteElo "2609"]
[BlackElo "2912"]
[Result "0-1"]
[Round "2"]
[TimeControl "180+1"]
[Date "2023.10.31"]
[WhiteClock "0:00:25"]
[BlackClock "0:00:34"]
[Board "22"]

1. e4 c5 2. Nf3 Nc6 3. d4 cxd4 4. Nxd4 Nf6 5. Nc3 d6 6. Bc4 e6 7. Be3 a6 8. Bb3 Bd7 9. Qe2 b5 10. O-O-O Na5 11. f4 b4 12. Na4 Nxb3+ 13. axb3 Rc8 14. Kb1 Be7 15. e5 dxe5 16. fxe5 Nd5 17. Bc1 O-O 18. Qg4 Kh8 19. Rd3 Qc7 20. Rh3 Qxe5 21. Rh5 f5 22. Qg6 Nf6 23. Rh4 Kg8 24. Qg5 Nd5 25. Qh5 Bxh4 26. Qxh4 Qe4 27. Qf2 e5 28. Nf3 Bxa4 29. Re1 Bxb3 30. Rxe4 Bxc2+ 31. Qxc2 Rxc2 32. Rxe5 Rfc8 33. Bd2 Nf6 34. Bxb4 Rxg2 35. Rxf5 Rb8 36. Bc3 Ne4 37. Bd4 Nd6 38. Rd5 Nc4 39. Rd7 Nxb2 40. Ka1 Nc4 41. Nh4 Rg5 42. Bc3 Rb3 43. Nf3 Rgb5 44. Ng5 Ra3# 0-1


[Site "https://www.chess.com"]

[Event "Titled Tuesday Blitz October 31 Early 2023"]
[White "Bharath Subramaniyam H"]
[Black "FoxOnTheRun97"]
[WhiteFideId "46634827"]
[WhiteElo "2908"]
[BlackElo "2608"]
[Result "1-0"]
[Round "2"]
[TimeControl "180+1"]
[Date "2023.10.31"]
[WhiteClock "0:00:49"]
[BlackClock "0:00:09"]
[Board "23"]

1. e4 c6 2. d4 d5 3. e5 Bf5 4. g4 Bg6 5. Ne2 e6 6. Nf4 Be7 7. Bg2 c5 8. c4 cxd4 9. cxd5 exd5 10. O-O Nc6 11. Re1 Nh6 12. Nxd5 O-O 13. Bxh6 gxh6 14. Nd2 Kh8 15. f4 f5 16. gxf5 Bxf5 17. Nxe7 Qxe7 18. Bxc6 bxc6 19. Qf3 Rg8+ 20. Kh1 Qe6 21. Rg1 Rab8 22. b3 Bg4 23. Qe4 Bf5 24. Rxg8+ Rxg8 25. Qxd4 h5 26. Rg1 Rxg1+ 27. Kxg1 Qg6+ 28. Kf2 Qg4 29. Nf3 Kg8 30. Qd8+ Kf7 31. Ng5+ Kg7 32. Qf6+ Kg8 33. Qf7+ Kh8 34. Qf8# 1-0


[Site "https://www.chess.com"]

[Event "Titled Tuesday Blitz October 31 Early 2023"]
[White "Leyva Proenza, Richard"]
[Black "Rustemov, Alexander"]
[WhiteFideId "3500985"]
[BlackFideId "4119002"]
[WhiteElo "2607"]
[BlackElo "2905"]
[Result "1/2-1/2"]
[Round "2"]
[TimeControl "180+1"]
[Date "2023.10.31"]
[WhiteClock "0:00:06"]
[BlackClock "0:00:09"]
[Board "24"]

1. e4 e6 2. d4 d5 3. Nd2 dxe4 4. Nxe4 Bd7 5. c4 Bb4+ 6. Nc3 c5 7. a3 Bxc3+ 8. bxc3 Qa5 9. Bd2 Nf6 10. Bd3 Bc6 11. Nf3 Nbd7 12. Qe2 O-O 13. Ra2 Qc7 14. O-O Rfe8 15. Re1 h6 16. h3 Rad8 17. Bc1 b6 18. Rd2 a6 19. Bc2 b5 20. cxb5 axb5 21. Ne5 cxd4 22. Nxc6 Qxc6 23. cxd4 Nb6 24. Bd3 Nc4 25. Rdd1 Ra8 26. Qa2 Red8 27. Re2 Nd5 28. Qb3 Qa6 29. Rc2 Qa4 30. Bxc4 bxc4 31. Qxc4 Qxc4 32. Rxc4 Rdb8 33. g3 Rb1 34. Kf1 Rxa3 35. Bxa3 Rxd1+ 36. Ke2 Ra1 37. Bc5 Ra2+ 38. Kf3 g5 39. Bd6 Kg7 40. g4 Rb2 41. Be5+ f6 42. Bg3 Rb3+ 43. Kg2 Rb7 44. Rc6 Re7 45. h4 gxh4 46. Bxh4 Kg6 47. Bg3 h5 48. gxh5+ Kxh5 49. Kf3 Kg6 50. Rc8 Kf5 51. Rh8 Rb7 52. Rh5+ Kg6 53. Rh1 Rb3+ 54. Kg2 Kf5 55. Rd1 Ke4 56. Re1+ Kf5 57. Rd1 Rb2 58. Rd3 Ke4 59. Rd1 Re2 60. Kf1 Rb2 61. Re1+ Kf5 62. Rd1 Ra2 63. Kg1 Ke4 64. Re1+ Kf5 65. Rd1 Nc3 66. Rd3 Ne2+ 67. Kg2 Nc1 68. Rf3+ Kg6 69. Re3 Kf7 70. Rc3 Ne2 71. Rd3 Ra4 72. d5 exd5 73. Rxd5 Nd4 74. Rd7+ Kg6 75. Rd8 Nf5 76. Rg8+ Kf7 77. Rb8 Rg4 78. Rb7+ Kg6 79. Rb5 Nxg3 80. fxg3 Ra4 81. Rb2 f5 82. Rf2 Kg5 83. Rf3 Ra2+ 84. Rf2 Rxf2+ 85. Kxf2 f4 86. gxf4+ Kxf4 1/2-1/2


[Site "https://www.chess.com"]

[Event "Titled Tuesday Blitz October 31 Early 2023"]
[White "Henriquez Villagra, Cristobal"]
[Black "Ginzburg, Yakov"]
[WhiteFideId "3409350"]
[BlackFideId "4157176"]
[WhiteElo "2903"]
[BlackElo "2602"]
[Result "0-1"]
[Round "2"]
[TimeControl "180+1"]
[Date "2023.10.31"]
[WhiteClock "0:00:04"]
[BlackClock "0:00:09"]
[Board "25"]

1. b3 e6 2. Bb2 Nf6 3. Nf3 b6 4. g3 Bb7 5. Bg2 Be7 6. O-O O-O 7. c4 c5 8. d4 cxd4 9. Qxd4 Nc6 10. Qf4 h6 11. Rd1 Qb8 12. Nc3 Qxf4 13. gxf4 Rab8 14. Ne5 Rfd8 15. Nb5 Nb4 16. Nxa7 Bxg2 17. Kxg2 Ra8 18. Nb5 Rxa2 19. Rxa2 Nxa2 20. Ra1 Nb4 21. Ra7 Bc5 22. Kf3 Kf8 23. Bc3 Nc6 24. Rc7 Nxe5+ 25. fxe5 Ne8 26. Rb7 d5 27. exd6 Nxd6 28. Nxd6 Rxd6 29. b4 Bd4 30. Be1 Rc6 31. e3 Bf6 32. Ke2 Rxc4 33. Rxb6 Be5 34. h3 Rc2+ 35. Kd3 Rb2 36. f4 Bf6 37. b5 g5 38. Rb8+ Kg7 39. b6 gxf4 40. exf4 Rb3+ 41. Ke4 Rxh3 42. Bf2 Rb3 43. Bc5 Bb2 44. f5 Kf6 45. fxe6 Kxe6 46. Rc8 f5+ 47. Kf4 Bc1+ 0-1


[Site "https://www.chess.com"]

[Event "Titled Tuesday Blitz October 31 Early 2023"]
[White "Karamsetty, Jeevan"]
[Black "Bachmann, Axel"]
[WhiteFideId "2025337"]
[BlackFideId "3700488"]
[WhiteElo "2601"]
[BlackElo "2896"]
[Result "1-0"]
[Round "2"]
[TimeControl "180+1"]
[Date "2023.10.31"]
[WhiteClock "0:00:19"]
[BlackClock "0:00:16"]
[Board "26"]

1. e4 Nf6 2. e5 Nd5 3. d4 d6 4. c4 Nb6 5. exd6 exd6 6. h3 Be7 7. Nf3 O-O 8. Be2 Bf6 9. O-O Re8 10. Nc3 Bf5 11. Be3 Nc6 12. a3 d5 13. c5 Nc4 14. Bxc4 dxc4 15. d5 Ne5 16. Nxe5 Bxe5 17. Bd4 Bd3 18. Bxe5 Bxf1 19. Bxg7 Bxg2 20. Qg4 Bxh3 21. Qg3 Qd7 22. f3 Qf5 23. Kh2 Qg6 24. Qxh3 Qc2+ 25. Kh1 Kxg7 26. Rg1+ Kf8 27. d6 Re6 28. Ne4 Rxe4 29. Qxh7 Ke8 30. fxe4 Kd7 31. Qxf7+ Kc6 32. Qxc7+ Kb5 33. Qxb7+ Ka5 34. Qxa8 1-0


[Site "https://www.chess.com"]

[Event "Titled Tuesday Blitz October 31 Early 2023"]
[White "Kovalev, Vladislav"]
[Black "Bodnaruk, Anastasia"]
[WhiteFideId "13504398"]
[BlackFideId "4181751"]
[WhiteElo "2880"]
[BlackElo "2601"]
[Result "0-1"]
[Round "2"]
[TimeControl "180+1"]
[Date "2023.10.31"]
[WhiteClock "0:00:00"]
[BlackClock "0:00:04"]
[Board "27"]

1. e4 c5 2. Nf3 d6 3. Bb5+ Nd7 4. O-O a6 5. Bd3 Ngf6 6. c3 e6 7. Bc2 b5 8. d4 Bb7 9. Re1 Be7 10. Nbd2 Qc7 11. e5 dxe5 12. dxe5 Nd5 13. Ne4 c4 14. Bg5 O-O 15. Bxe7 Nxe7 16. Nd6 Bxf3 17. gxf3 Rad8 18. f4 f5 19. Qf3 Nb6 20. Red1 Ned5 21. a4 bxa4 22. Bxa4 Rb8 23. Bc2 Nc8 24. Rxd5 exd5 25. Qxd5+ Kh8 26. Nxf5 Rxb2 27. Qe4 g6 28. Nd4 Qe7 29. Rxa6 Qh4 30. f5 Qg5+ 31. Kf1 Qc1+ 32. Kg2 gxf5 33. Qe2 Rg8+ 34. Kf3 Qg5 0-1


[Site "https://www.chess.com"]

[Event "Titled Tuesday Blitz October 31 Early 2023"]
[White "NelsonLinda"]
[Black "Kazakouski, Valery"]
[BlackFideId "13507443"]
[WhiteElo "2599"]
[BlackElo "2873"]
[Result "0-1"]
[Round "2"]
[TimeControl "180+1"]
[Date "2023.10.31"]
[WhiteClock "0:00:12"]
[BlackClock "0:00:25"]
[Board "28"]

1. b3 Nf6 2. Bb2 g6 3. Bxf6 exf6 4. c4 Bg7 5. Nc3 f5 6. Rc1 O-O 7. e3 d6 8. g3 c6 9. Bg2 Nd7 10. d4 Nf6 11. Nge2 Re8 12. Qc2 Qe7 13. O-O a5 14. Na4 Ra6 15. a3 Bd7 16. c5 d5 17. Nb6 Be6 18. b4 axb4 19. axb4 Nd7 20. Nxd7 Bxd7 21. Ra1 Rea8 22. Qb2 Qd8 23. Nc3 h5 24. h4 f4 25. Rxa6 Rxa6 26. Ra1 fxg3 27. fxg3 Bh6 28. Re1 Qc7 29. Kh2 Bg7 30. b5 Ra8 31. b6 Qd8 32. Ra1 Bh6 33. Ra3 Rxa3 34. Qxa3 Bxe3 35. Nxd5 Bxd4 36. Qb4 Be5 37. Nf4 Qe7 38. Nd3 Bb8 39. Qa3 Qxh4+ 40. Kg1 Qxg3 41. Kf1 Bf5 0-1


[Site "https://www.chess.com"]

[Event "Titled Tuesday Blitz October 31 Early 2023"]
[White "Manukyan, Sargis A."]
[Black "Svane, Frederik"]
[WhiteFideId "13303970"]
[BlackFideId "12923044"]
[WhiteElo "2597"]
[BlackElo "2866"]
[Result "0-1"]
[Round "2"]
[TimeControl "180+1"]
[Date "2023.10.31"]
[WhiteClock "0:00:13"]
[BlackClock "0:00:13"]
[Board "29"]

1. d4 Nf6 2. c4 g6 3. Nc3 d6 4. Nf3 Bg7 5. Bf4 Nbd7 6. h3 O-O 7. e3 b6 8. Be2 Bb7 9. O-O Qe8 10. Bh2 e5 11. dxe5 Nxe5 12. Nxe5 dxe5 13. Qc2 Qe7 14. a3 a5 15. Rfd1 Rfd8 16. Rxd8+ Rxd8 17. Rd1 Rxd1+ 18. Qxd1 Nd7 19. Bf3 e4 20. Be2 Bxc3 21. bxc3 Nc5 22. Bf4 f6 23. g4 Kf7 24. h4 Ne6 25. Bg3 Bc6 26. Kg2 h6 27. h5 g5 28. Qd2 Qxa3 29. Qc2 Qc5 30. f3 Qxe3 31. Kf1 Nc5 32. Bf2 Qf4 33. Bxc5 bxc5 34. Qb1 Ke7 35. Bd1 exf3 36. Qh7+ Kd6 37. Qxh6 Qxg4 38. Qxf6+ Kd7 39. h6 Be4 40. Ke1 Qg3+ 41. Kd2 Qf4+ 42. Qxf4 gxf4 43. Ke1 Ke7 44. Bxf3 Bg6 45. Bc6 Kf6 46. Kf2 Kg5 47. Kf3 Bc2 48. Be4 Bxe4+ 49. Kxe4 Kxh6 50. Kxf4 a4 51. Ke5 a3 52. Kd5 a2 53. Kxc5 a1=Q 54. Kc6 Qa7 55. c5 Kg7 56. c4 Kf8 57. Kb5 Ke7 58. Kc6 Kd8 59. Kb5 Kd7 60. c6+ Kd6 61. c5+ Kd5 62. Kb4 Qxc5+ 63. Ka4 Qb6 0-1


[Site "https://www.chess.com"]

[Event "Titled Tuesday Blitz October 31 Early 2023"]
[White "Lobanov, Sergei"]
[Black "Barrientos, Sergio E"]
[WhiteFideId "24183750"]
[BlackFideId "4401824"]
[WhiteElo "2854"]
[BlackElo "2596"]
[Result "0-1"]
[Round "2"]
[TimeControl "180+1"]
[Date "2023.10.31"]
[WhiteClock "0:00:02"]
[BlackClock "0:00:25"]
[Board "30"]

1. d4 Nf6 2. c4 e6 3. Nc3 Bb4 4. e3 O-O 5. Bd3 c5 6. Ne2 Nc6 7. O-O cxd4 8. exd4 d5 9. cxd5 Nxd5 10. Nxd5 Qxd5 11. Qc2 h6 12. Be4 Qd6 13. Bf4 Qd7 14. Rad1 Re8 15. d5 exd5 16. Bxd5 Qf5 17. Qc4 Be6 18. Ng3 Bxd5 19. Rxd5 Qe6 20. h3 Rad8 21. Rxd8 Qxc4 22. Rxe8+ Kh7 23. Be3 Qxa2 24. Rd1 Qa4 25. Rd7 Ne5 26. Rdd8 f6 27. Nh5 Qa1+ 28. Kh2 Qa6 29. Nf4 Ng6 30. Nh5 Qb5 31. Ng3 Bd6 32. Re6 Be5 33. Ra8 Qd5 34. Ree8 Nh4 35. Rh8+ Kg6 36. f3 Qd6 37. Bf2 Nf5 38. f4 Bxf4 0-1


[Site "https://www.chess.com"]